 Dungeon Crawl Stone Soup version 0.30-a0-305-g026cb31310 (webtiles) character file.

Game seed: 2532251364210722264

7 Morbidden the Slasher (level 2, 19/22 HPs)
             Began as a Formicid Gladiator on Oct 22, 2022.
             Quit the game on level 1 of the Dungeon.
             The game lasted 00:00:25 (222 turns).

Morbidden the Slasher (Formicid Gladiator)           Turns: 222, Time: 00:00:26

Health: 19/22      AC:  3    Str: 18    XL:     2   Next: 5%
Magic:  2/2        EV: 12    Int:  7    God:
Gold:   8          SH:  0    Dex: 15    Spells: 1/1 levels left

rFire   . . .      SeeInvis +    a - +0 long sword
rCold   . . .      Faith    .    (no shield)
rNeg    . . .      Spirit   .    b - +0 leather armour
rPois   .          Reflect  .    (helmet unavailable)
rElec   .          Harm     .    (no cloak)
rCorr   .          Rampage  .    (no gloves)
Will    .....                    (no boots)
Stlth   +.........               (no amulet)
HPRegen 0.23/turn                (no ring)
MPRegen 0.08/turn                (no ring)

@: no status effects
A: permanent stasis, dig shafts and tunnels, antennae 3, four strong arms
a: Dig, Shaft Self


You were on level 1 of the Dungeon.
You visited 1 branch of the dungeon, and saw 1 of its levels.

You collected 8 gold pieces.

Inventory:

Hand Weapons
 a - a +0 long sword (weapon)
Missiles
 c - 3 throwing nets (quivered)
 d - a javelin
Armour
 b - a +0 leather armour (worn)
Scrolls
 e - 2 scrolls of identify


   Skills:
 * Level 2.2 Fighting
 * Level 3.2 Long Blades
 + Level 2.0 Throwing
 * Level 0.4 Armour
 * Level 2.8 Dodging


You had one spell level left.
You didn't know any spells.
Your spell library was empty.

Dungeon Overview and Level Annotations

Branches:
Dungeon (1/15)

Altars:


Innate Abilities, Weirdness & Mutations

You cannot be hasted, slowed, berserked, paralysed or teleported.
You can dig through walls and to a lower floor.
You have a pair of large antennae on your head. (SInv)
Your four strong arms can wield two-handed weapons with a shield.


Message History

You hit the kobold.
The kobold is severely wounded.
The kobold misses you. The kobold closely misses you.
A kobold is nearby!
You slash the kobold!
You kill the kobold!
Things that are here:
a +0 short sword; 5 stones Key pressed, stopping explore.
No target in view!
No target in view!
An endoplasm comes into view.
The endoplasm quivers.
An endoplasm is nearby!
An endoplasm is nearby!
The endoplasm freezes you.
You are frozen.
An endoplasm is nearby!
You hit the endoplasm.
The endoplasm is almost dead.
The endoplasm freezes you.
You are frozen.
An endoplasm is nearby!
You hit the endoplasm.
You kill the endoplasm!
You have reached level 2!
Are you sure you want to abandon this character and quit the game? (Confirm with "yes".)
Okay, then.
There's something in the way.
There's something in the way.
Unknown command.
Unknown command.
Unknown command.
Unknown command.
Unknown command.
Unknown command.
As you read the scroll labelled UPLEAG PAHUOHELL, it crumbles to dust.
It is a scroll of identify.
You don't have any unidentified items.
Are you sure you want to abandon this character and quit the game? (Confirm with "yes".)

#.#.....+ #.......#
#.......# ≈# #.#...###
#≈### #.##).# ##≈≈≈#.
#.##..# #≈≈≈≈#. #.##..#
#≈≈≈≈#. ##########.##..#
#≈≈≈≈#.
.......@...##..###≈~.≈~~
################..##.~≈≈~≈.
#....................~~~≈~~
#.........#######...#..~~≈.
#.........#######.#..#.~...
#.....)...'.......##.##....
#.........##########.....##
########### #####.## #...


There were no monsters in sight!

Vanquished Creatures
  A bat (D:1)
  An endoplasm (D:1)
  3 kobolds (D:1)
  A rat (D:1)
6 creatures vanquished.

Notes
Turn   | Place    | Note
-------+----------+-------------------------------------------
     0 | D:1      | Morbidden the Formicid Gladiator began the quest for the
                  | Orb.
     0 | D:1      | Reached XP level 1. HP: 16/16 MP: 1/1
   220 | D:1      | Reached XP level 2. HP: 19/22 MP: 2/2
   222 | D:1      | Quit the game

Illustrated notes

Levels and vault maps discovered:
D:1:      minmay_arrival_checkered_box, layout_basic,
          chequers_serial_rivers_large_a

Action                   || total
-------------------------++-------
Melee: Long sword        ||    10
  Use: Scroll            ||     1
Armor: Leather armour    ||     1
Dodge: Dodged            ||     7

Table legend: (Time is in decaauts)
 A = Elapsed time spent in this place.
 B = Non-inter-level travel time spent in this place.
 C = Inter-level travel time spent in this place.
 D = Time resting spent in this place.
 E = Time spent auto-exploring this place.
 F = Levels seen in this place.
 G = Mean time per level.
                   A        B        C        D        E       F      G
               +--------+--------+--------+--------+--------+-----+--------+
         Total |    228 |    228 |      0 |      0 |    185 |   1 |  228.0 |
       Dungeon |    228 |    228 |      0 |      0 |    185 |   1 |  228.0 |
               +--------+--------+--------+--------+--------+-----+--------+

Top non-repeatable levels by time:
     D:1: 228 daAuts
